 Dungeon Crawl Stone Soup version 0.26.0-91-g99b343417d (webtiles) character file.

Game seed: 13913670178152723539

262 Gadfly the Skirmisher (level 5, 0/48 HPs)
             Began as a Palentonga Delver on Feb 4, 2021.
             Slain by a gnoll
             ... wielding a +0 flail
              (8 damage)
             ... on level 4 of the Dungeon.
             The game lasted 00:07:22 (4185 turns).

Gadfly the Skirmisher (Palentonga Delver)           Turns: 4185, Time: 00:07:23

Health: 0/48       AC:  4    Str: 17    XL:     5   Next: 97%
Magic:  5/5        EV: 10    Int: 10    God:
Gold:   255        SH:  0    Dex: 11    Spells: 4/4 levels left

rFire    . . .     SeeInvis +   a - +0 falchion
rCold    . . .     Faith    .   (no shield)
rNeg     . . .     Spirit   .   b - +0 leather armour
rPois    +         Reflect  .   (no helmet)
rElec    .         Harm     .   (no cloak)
rCorr    .         Rampage  .   (no gloves)
Will     .....     Rnd*Rage +   (no barding)
Stlth    ++........             (no amulet)
HPRegen  0.56/turn              m - ring of see invisible
MPRegen  0.09/turn              (no ring)

@: lethally poisoned (0 -> -1)
A: large, rugged brown scales 3, see invisible, berserk 1, deformed body, poison
resistance, regeneration 1, roll 1, armoured tail
a: Rolling Charge


You were on level 4 of the Dungeon.
You visited 1 branch of the dungeon, and saw 5 of its levels.

You collected 255 gold pieces.

Inventory:

Hand Weapons
 a - a +0 falchion (weapon)
Armour
 b - a +0 leather armour (worn)
Jewellery
 m - a ring of see invisible (left hand)
Wands
 g - a wand of digging (2)
Scrolls
 c - a scroll of fog
 d - a scroll of magic mapping
 e - 4 scrolls of fear
 j - 3 scrolls of teleportation
Potions
 f - 2 potions of haste
 i - a potion of flight
 k - 2 potions of heal wounds
 n - a potion of mutation


   Skills:
 + Level 3.5 Fighting
 * Level 3.5 Long Blades
 * Level 2.2 Armour
 + Level 2.3 Dodging
 - Level 3.3 Stealth
 * Level 2.4 Evocations


You had 4 spell levels left.
You didn't know any spells.
Your spell library was empty.

Dungeon Overview and Level Annotations

Branches:
Dungeon (5/15)             Temple (0/1) D:4

Altars:
Gozag
Okawaru

Annotations:
D:5 3 runed translucent doors, kaeus's ghost, novice OpEn


Innate Abilities, Weirdness & Mutations

You are completely covered in rugged brown scales. (AC +3, +7% HP)
You have supernaturally acute eyesight. (SInv)
Armour fits poorly on your strangely shaped body.
You can roll at nearby foes to attack.
You have a long armoured tail.
You tend to lose your temper in combat.
Your system is resistant to poisons. (rPois)
Your natural rate of healing is unusually fast.


Message History

You are held in a net!
You are held in a net!
You are held in a net!
Unknown command.
You struggle against the net.
The adder barely misses you.
You struggle against the net.
The gnoll hits you with a +0 flail. The adder bites you.
You struggle against the net.
The adder barely misses you. The gnoll hits you with a +0 flail.
You struggle against the net.
The adder bites you. The gnoll hits you with a +0 flail!
* * * LOW HITPOINT WARNING * * *
The adder bites you.
* * * LOW HITPOINT WARNING * * *
You are poisoned.
The adder poisons you!
You rip the net and break free!
You feel sick. The adder bites you.
* * * LOW HITPOINT WARNING * * *
The gnoll hits you with a +0 flail!
You die...

# .. #.# ... .#.# .. ....
#####...##.
.....##......... .
#.glg.#S#.#.. .# #.#
#@#.#.#.##. #.# #.S........
# #.# #.#.##.#.##.#. #.#
#.#....#...... #.#
#....#...#
#.###.##.#.>.#.#......
###................#...
#....##...#.#.#....#....
#....##.#..#.#.#.#.##....#.


You could see 2 gnolls, an adder and a frilled lizard.

Vanquished Creatures
  A hound (D:4)
  An iguana (D:4)
  2 worker ants (D:4)
  6 adders
  A gnoll (D:4)
  3 worms
  2 dart slugs
  A leopard gecko (D:5)
  3 orcs
  7 bats
  A giant cockroach (D:3)
  12 goblins
  15 hobgoblins
  7 jackals
  2 quokkas (D:3)
  10 frilled lizards
  4 kobolds
  6 rats
84 creatures vanquished.

Notes
Turn   | Place    | Note
-------+----------+-------------------------------------------
     0 | D:5      | Gadfly the Palentonga Delver began the quest for the Orb.
     0 | D:5      | Reached XP level 1. HP: 20/20 MP: 1/1
    35 | D:5      | Found a runed translucent gate.
    35 | D:5      | Found a runed translucent gate.
    35 | D:5      | Found a runed translucent gate.
    35 | D:5      | Found an opulent altar of Gozag.
    35 | D:5      | Noticed kaeus's ghost (novice OpEn)
    35 | D:5      | Noticed a centaur
   304 | D:5      | Reached XP level 2. HP: 15/27 MP: 2/2
   691 | D:4      | Reached skill level 1 in Armour
   691 | D:4      | Reached skill level 1 in Evocations
   691 | D:4      | Reached XP level 3. HP: 24/33 MP: 3/3
  1721 | D:1      | Reached XP level 4. HP: 40/40 MP: 4/4
  3034 | D:3      | Found an iron altar of Okawaru.
  3154 | D:3      | Reached XP level 5. HP: 48/48 MP: 5/5
  3634 | D:3      | Gained mutation: Your system is resistant to poisons.
                  | (rPois) [potion of mutation]
  3634 | D:3      | Gained mutation: You tend to lose your temper in combat.
                  | [potion of mutation]
  3634 | D:3      | Gained mutation: Your natural rate of healing is unusually
                  | fast. [potion of mutation]
  4018 | D:4      | Found a staircase to the Ecumenical Temple.
  4185 | D:4      | Slain by a gnoll

Illustrated notes

Levels and vault maps discovered:
D:1:      heliophobic_arrival_battle_scene, layout_basic,
          chequers_serial_rivers_room_b
D:2:      layout_rooms
D:3:      layout_rooms, okawaru_ov_weapons_minmay, st_stairs_12,
          lightli_corner_chamber
D:4:      kennysheep_slugbush, layout_basic, gammafunk_temple_overflow_statue,
          minmay_temple_entry_ruins, serial_co_window_serial,
          co_window_of_opportunity_a, co_window_of_opportunity_a,
          co_window_paths_a, co_window_paths_b, co_window_corner_a,
          co_window_corner_b, co_window_broadway_c, co_window_unsneaky_path_a,
          co_window_cross_2, glass_columns_c, glass_columns_a, uniq_natasha
D:5:      layout_loops_cross, ebering_ghost_gozag, glass_columns_a

Skill      XL: |  1  2  3  4  5 |
---------------+----------------+-----
Armour         | 1 2 |  2.2
Evocations     | 1 2 |  2.4
Dodging        | 2 |  2.3
Long Blades    | 3 |  3.5
Fighting       | |  3.5
Stealth        | |  3.3

Action                   |  1- 3 |  4- 6 || total
-------------------------+-------+-------++-------
Melee: Falchion          |    70 |   197 ||   267
       Tailslap          |     7 |    27 ||    34
 Abil: Rolling Charge    |    15 |    17 ||    32
Evoke: Wand              |       |     1 ||     1
  Use: Scroll            |       |     7 ||     7
       Potion            |       |     3 ||     3
 Stab: Sleeping          |     2 |     1 ||     3
Armor: Leather armour    |    19 |    72 ||    91
Dodge: Dodged            |    32 |   138 ||   170
       Rpst.: Falchion   |    13 |    47 ||    60
